 Dungeon Crawl Stone Soup version 0.29.1-2-gbd0b4ee654 (webtiles) character file.

Game seed: 8778439627852397105

308 qeuew the Agent of Entropy (level 6, -1/48 HPs)
             Began as a Demonspawn Abyssal Knight on Nov 17, 2022.
             Was a Priest of Lugonu.
             Slain by a scorpion (6 damage)
             ... on level 6 of the Dungeon.
             The game lasted 00:03:36 (2036 turns).

qeuew the Agent of Entropy (DsAK)                   Turns: 2036, Time: 00:03:37

Health: -1/48      AC:  5    Str: 20    XL:     6   Next: 17%
Magic:  3/9        EV: 10    Int: 12    God:    Lugonu [***...]
Gold:   110        SH:  7    Dex: 13    Spells: 5/5 levels left

rFire   . . .      SeeInvis +   c - +0 war axe
rCold   . . .      Faith    +   i - +0 kite shield "Uthughigi" {Regen+ Str+5}
rNeg    . . .      Spirit   .   e - +0 ring mail
rPois   .          Reflect  .   (helmet restricted)
rElec   .          Harm     .   (no cloak)
rCorr   .          Rampage  .   (no gloves)
Will    .....                   (no boots)
Stlth   +.........              g - amulet of faith
HPRegen 0.96/turn               a - ring of see invisible
MPRegen 0.11/turn               (no ring)

@: lethally poisoned (-1 -> -3)
A: antennae 1, sturdy frame 2
a: Renounce Religion, Depart the Abyss, Bend Space, Banish


You were on level 6 of the Dungeon.
You worshipped Lugonu.
Lugonu was most pleased with you.
You visited 1 branch of the dungeon, and saw 4 of its levels.
You visited the Abyss 1 time.

You collected 110 gold pieces.

Inventory:

Hand Weapons
 c - a +0 war axe (weapon)
Armour
 e - a +0 ring mail (worn)
 i - the +0 kite shield "Uthughigi" (worn) {Regen+ Str+5}
   (You acquired it on level 2 of the Dungeon)

   Str:       It affects your strength (+5).
   Regen:     It increases your rate of health regeneration.
Jewellery
 a - a ring of see invisible (left hand)
 g - an amulet of faith (around neck)
Scrolls
 b - a scroll of enchant armour
 d - 2 scrolls of teleportation
 j - a scroll of identify
Potions
 f - a potion of degeneration
 h - 2 potions of invisibility


   Skills:
 + Level 3.8 Fighting
 * Level 3.6 Axes
 + Level 2.8 Armour
 + Level 2.2 Dodging
 + Level 1.1 Shields
 + Level 4.0 Invocations


You had 5 spell levels left.
You didn't know any spells.
Your spell library contained the following spells:

 Spells                   Type           Power      Damage    Failure   Level
 Magic Dart               Conj           0%         1d3       77%         1
 Sting                    Tmut/Pois      0%         1d3       77%         1
 Call Imp                 Summ           0%         N/A       88%         2
 Poisonous Vapours        Pois/Air       0%         N/A       88%         2
 Mephitic Cloud           Conj/Pois/Air  0%         N/A       98%         3
 Animate Armour           Summ/Erth      0%         N/A       100%        4
 Olgreb's Toxic Radiance  Pois           0%         N/A       100%        4
 Blade Hands              Tmut           0%         N/A       100%        5
 Iron Shot                Conj/Erth      0%         9d1       100%        6


Dungeon Overview and Level Annotations

Branches:
Dungeon (3/15)

Altars:
Cheibriados

Shops:
D:1 !!*=(

Annotations:
Abyss:1 Grinder


Innate Abilities, Weirdness & Mutations

You have a pair of small antennae on your head.
Your movements are less encumbered by armour. (ER -4)


Message History

Your Dodging skill increases to level 2!
Your Shields skill increases to level 1!
Your Invocations skill increases to level 4!
You have reached level 5!
Your demonic ancestry asserts itself...
You feel less encumbered by your armour.
You have reached level 6!
You hit the scorpion.
The scorpion is moderately wounded.
You feel very sick. The scorpion stings you.
You are more poisoned.
The scorpion poisons you!
You hit the scorpion but do no damage.
The scorpion is moderately wounded.
You feel extremely sick. You block the scorpion's attack.
The scorpion stings you.
You are more poisoned.
The scorpion poisons you!
You closely miss the scorpion.
The scorpion is moderately wounded.
You feel extremely sick.
The scorpion stings you but does no damage.
The scorpion stings you.
* * * LOW HITPOINT WARNING * * *
You hit the scorpion.
The scorpion is heavily wounded.
* * * LOW HITPOINT WARNING * * *
You feel very sick.
The scorpion stings you but does no damage.
You block the scorpion's attack.
You don't have enough magic at the moment.
Unknown command.
Okay, then.
You barely miss the scorpion.
The scorpion is heavily wounded.
You hear the slow rusting of a drain nearby.
You feel very sick. The scorpion stings you.
You die...

... #.§.#.....#
.(..#...#.....#
...............#
......#.....[..#
......#........#
......#........#
......##..##...#
#+######..##...#
......s@..$....#
......§.!......#
..........:....#
...............#
...............#
.....>>........#
###+####.#######
.#


You could see a scorpion.

Vanquished Creatures
  Natasha (thrice) (D:2)
  A dart slug (D:2)
  3 endoplasms
  A giant cockroach (D:1)
  4 hobgoblins
  2 kobolds
  4 quokkas
  2 ball pythons (D:1)
  4 bats
  5 frilled lizards
  4 goblins
  5 rats
38 creatures vanquished.

Notes
Turn   | Place    | Note
-------+----------+-------------------------------------------
     0 | Abyss:1  | qeuew the Demonspawn Abyssal Knight began the quest for the
                  | Orb.
     0 | Abyss:1  | Reached XP level 1. HP: 18/18 MP: 2/2
     1 | D:1      | Escaped the Abyss
    23 | D:1      | Found Sagrofaugh's Assorted Antiques.
    74 | D:1      | Reached skill level 1 in Dodging
   174 | D:1      | Found Reopui's Distillery.
   245 | D:1      | Gained mutation: Your movements are slightly less
                  | encumbered by armour. (ER -2) [demonic ancestry]
   245 | D:1      | Reached XP level 2. HP: 18/24 MP: 3/3
   474 | D:1      | Found Cuiguhad's Jewellery Shop.
   651 | D:1      | Found Higudeh's Weapon Shoppe.
   851 | D:1      | Found Hoydi's Distillery.
  1165 | D:2      | Reached *** piety under Lugonu
  1179 | D:2      | Noticed Natasha
  1183 | D:2      | Killed Natasha
  1184 | D:2      | Reached skill level 3 in Invocations
  1184 | D:2      | Reached XP level 3. HP: 26/29 MP: 5/5
  1191 | D:2      | Noticed Natasha
  1202 | D:2      | Killed Natasha
  1203 | D:2      | Gained mutation: You have a pair of small antennae on your
                  | head. [demonic ancestry]
  1203 | D:2      | Reached XP level 4. HP: 33/35 MP: 6/6
  1448 | D:2      | Noticed Natasha
  1458 | D:2      | Killed Natasha
  1731 | D:2      | Identified a scroll of acquirement
  1731 | D:2      | Acquired the +0 kite shield "Uthughigi" {Regen+ Str+5}
  1992 | D:3      | You fall into a shaft and drop 3 floors!
  2001 | D:6      | Found a snail-covered altar of Cheibriados.
  2020 | D:6      | Noticed a scorpion
  2022 | D:6      | Noticed Grinder
  2031 | D:6      | Banished Grinder
  2032 | D:6      | Reached skill level 1 in Shields
  2032 | D:6      | Reached skill level 4 in Invocations
  2032 | D:6      | Gained mutation: Your movements are less encumbered by
                  | armour. (ER -4) [demonic ancestry]
  2032 | D:6      | Reached XP level 5. HP: 28/42 MP: 2/8
  2032 | D:6      | Reached XP level 6. HP: 32/48 MP: 2/9
  2036 | D:6      | Slain by a scorpion

Illustrated notes

Levels and vault maps discovered:
D:1:      wander_arrival_estate, layout_loops_corners, serial_shops,
          nicolae_square_shop, nicolae_shop_crystal, nicolae_shop_stone, shop,
          shop
D:2:      layout_rooms, uniq_natasha
D:3:      layout_basic, minmay_statues_item, reono_crystal_passage,
          hangedman_decor_clover_reticule
D:6:      layout_gridville, pf_just_have_faith, vehumet_crystals,
          portal_sewer_entry_d, uniq_grinder

Skill      XL: |  1  2  3  4 |
---------------+-------------+-----
Dodging        | 1 2 |  2.2
Axes           | 2 3 |  3.6
Armour         | 2 |  2.8
Invocations    | 3 4 |  4.0
Shields        | 1 |  1.1
Fighting       | |  3.8

Action                   |  1- 3 |  4- 6 || total
-------------------------+-------+-------++-------
Melee: Hand axe          |    56 |       ||    56
       War axe           |    14 |    47 ||    61
Invok: Banish            |       |     1 ||     1
  Use: Scroll            |     3 |     4 ||     7
       Potion            |     2 |     2 ||     4
 Stab: Sleeping          |     1 |     1 ||     2
Armor: Leather armour    |    24 |       ||    24
       Ring mail         |     2 |    18 ||    20
Dodge: Dodged            |    44 |    23 ||    67
Block: Kite shield       |       |    12 ||    12
